 Dungeon Sprint DCSS version 0.18.1-48-g4cf74bf (webtiles) character file.

628 tyranidshit the Warrior (level 7, -7/76 HPs)
             Began as a Demonspawn Abyssal Knight on Sept 10, 2016.
             Was a High Priest of Lugonu.
             Mangled by a red ugly thing (15 damage)
             ... in the Dungeon (Sprint IX: "|||||||||||||||||||||||||||||").
             The game lasted 00:02:35 (278 turns).

tyranidshit the Warrior (Demonspawn Abyssal Knight)  Turns: 278, Time: 00:02:36

Health: -7/76      AC: 10    Str: 18    XL:     7   Next: 23%
Magic:  3/8        EV:  5    Int: 13    God:    Lugonu [*****.]
Gold:   0          SH:  0    Dex: 12    Spells: 0 memorised, 6 levels left

rFire  . . .     SeeInvis .     p - +1 broad axe (chop)
rCold  . . .     Gourm    .     n - +0 plate armour
rNeg   . . .     Faith    .     (no shield)
rPois  .         Spirit   .     (helmet restricted)
rElec  .         Dismiss  .     (no cloak)
rCorr  .         Reflect  .     (no gloves)
SustAt .         Harm     .     (no boots)
MR     .....     NoTele   +     (no amulet)
Stlth  ..........               (no ring)
                                b - +3 ring of strength

@: exhausted, slowed, very slow, not resistant to hostile enchantments,
extremely unstealthy
A: antennae 1, spiny 2
a: Bend Space, Banish, Corrupt, Renounce Religion


You were in the Dungeon.
You worshipped Lugonu.
Lugonu was extremely pleased with you.
You were not hungry.

You visited 1 branch

Inventory:

Hand Weapons
 p - a +1 broad axe of chopping (weapon)
Armour
 n - a +0 plate armour (worn)
Jewellery
 b - a +3 ring of strength (left hand)
 o - a +3 ring of intelligence
Wands
 m - a wand of acid (1/15)
Scrolls
 i - 2 scrolls of blinking
 k - 3 scrolls of remove curse
 l - 2 scrolls of amnesia
Potions
 d - 5 potions of curing
 e - a potion of invisibility
 g - 4 potions of magic
 j - 2 potions of heal wounds
Comestibles
 c - a bread ration


   Skills:
 + Level 15.1 Fighting
 - Level 1.7 Axes
 - Level 1.7 Armour
 - Level 0.8 Dodging
 - Level 2.4 Invocations


You had 6 spell levels left.
You didn't know any spells.

Dungeon Overview and Level Annotations

Branches:
Dungeon (1/1)

Altars:
Cheibriados
Dithmenos
Elyvilon
Fedhas
Gozag
Kikubaaqudgha
Makhleb
Nemelex Xobeh
Okawaru
Pakellas
Qazlal
Ru
Sif Muna
Trog
Vehumet
Xom
Yredelemnul
Zin
The Shining One
Beogh
Jiyva
Lugonu


Innate Abilities, Weirdness & Mutations

You have a pair of small antennae on your head.
You are mostly covered in sharp spines.


Message History

You hit the troll.
The troll is heavily wounded.
The troll bites you but does no damage. The troll claws you.
The troll claws you but does no damage.
You slice the troll!!
You kill the troll!
Lugonu accepts your kill.
Your Fighting skill gained 2 levels and is now at level 15!
You have reached level 7!
You are no longer berserk.
You are exhausted.
You feel yourself slow down.
You hit the red ugly thing.
The red ugly thing is lightly wounded.
The red ugly thing stings you.
You are engulfed in flames!!
* * * LOW HITPOINT WARNING * * *
The red ugly thing stings you!
* * * LOW HITPOINT WARNING * * *
You are engulfed in flames!
You die... ▓▓▓▓▓▓▓▓▓▓▓▓▓▓▓▓▓▓▓▓▓▓▓▓ .†|)[[[..'......@uOo...+ ▓▓▓▓▓▓▓▓▓▓▓▓▓▓▓▓▓▓▓▓▓▓▓▓

You could see a red ugly thing, an ogre and an orc wizard.

Vanquished Creatures
  A troll (D)
  A black bear (D)
  An eye of draining (D)
  A giant frog (D)
  A scorpion (D)
  A wight (D)
  A crimson imp (D)
  A jelly (D)
  An adder (D)
  A giant gecko (D)
  2 orcs (D)
  A giant cockroach (D)
  2 goblins (D)
  A hobgoblin (D)
  A bat (D)
  A giant newt (D)
  A quokka skeleton (D)
19 creatures vanquished.

Notes
Turn   | Place    | Note
--------------------------------------------------------------
     0 | D        | tyranidshit the Demonspawn Abyssal Knight began the quest for the Orb.
     0 | D        | Reached XP level 1. HP: 18/18 MP: 2/2
    12 | D        | Reached ** piety under Lugonu
    12 | D        | Reached skill level 4 in Fighting
    19 | D        | Reached *** piety under Lugonu
    28 | D        | Noticed a jelly
    39 | D        | Reached skill level 5 in Fighting
    39 | D        | Gained mutation: You are partially covered in sharp spines. [demonic ancestry]
    39 | D        | Reached XP level 2. HP: 21/27 MP: 3/3
    42 | D        | Reached **** piety under Lugonu
    42 | D        | Reached skill level 7 in Fighting
    42 | D        | Gained mutation: You have a pair of small antennae on your head. [demonic ancestry]
    42 | D        | Reached XP level 3. HP: 29/36 MP: 4/4
    52 | D        | Found a glowing silver altar of Zin.
    52 | D        | Found a glowing golden altar of the Shining One.
    52 | D        | Found an ancient bone altar of Kikubaaqudgha.
    52 | D        | Found a basalt altar of Yredelemnul.
    52 | D        | Found a shimmering altar of Xom.
    52 | D        | Found a radiant altar of Vehumet.
    53 | D        | Found an iron altar of Okawaru.
    54 | D        | Found a burning altar of Makhleb.
    55 | D        | Found a deep blue altar of Sif Muna.
    56 | D        | Found a bloodstained altar of Trog.
    57 | D        | Found a sparkling altar of Nemelex Xobeh.
    58 | D        | Found a white marble altar of Elyvilon.
    59 | D        | Found a roughly hewn altar of Beogh.
    60 | D        | Found a viscous altar of Jiyva.
    61 | D        | Found a corrupted altar of Lugonu.
    62 | D        | Found a blossoming altar of Fedhas.
    63 | D        | Found a snail-covered altar of Cheibriados.
    64 | D        | Found a shadowy altar of Dithmenos.
    65 | D        | Found a stormy altar of Qazlal.
    66 | D        | Found an opulent altar of Gozag.
    67 | D        | Found a sacrificial altar of Ru.
    68 | D        | Found an oddly glowing altar of Pakellas.
   136 | D        | Noticed a black bear
   136 | D        | Noticed a giant frog
   151 | D        | Killed a black bear
   151 | D        | Reached skill level 10 in Fighting
   151 | D        | Gained mutation: You are mostly covered in sharp spines. [demonic ancestry]
   151 | D        | Reached XP level 4. HP: 47/47 MP: 5/5
   151 | D        | Killed a giant frog
   151 | D        | Reached ***** piety under Lugonu
   151 | D        | Reached skill level 11 in Fighting
   151 | D        | Reached XP level 5. HP: 56/56 MP: 6/6
   157 | D        | Reached skill level 12 in Fighting
   158 | D        | Reached XP level 6. HP: 65/65 MP: 7/7
   265 | D        | Noticed a troll
   265 | D        | Noticed a red ugly thing
   268 | D        | Reached skill level 13 in Fighting
   277 | D        | Killed a troll
   277 | D        | Reached skill level 15 in Fighting
   277 | D        | Reached XP level 7. HP: 69/76 MP: 2/8
   278 | D        | Mangled by a red ugly thing

Skill      XL: |  1  2  3  4  5  6 |
---------------+-------------------+-----
Fighting       | 5 7 10 11 12 15 | 15.1
Axes           | |  1.7
Armour         | |  1.7
Dodging        | |  0.8
Invocations    | |  2.4

Action                   |  1- 3 |  4- 6 |  7- 9 || total
-------------------------+-------+-------+-------++-------
Melee: Hand axe          |    32 |       |       ||    32
       Broad axe         |       |    12 |     1 ||    13
Evoke: Wand              |     3 |     3 |       ||     6
  Use: Potion            |     2 |     1 |       ||     3
Armor: Leather armour    |     8 |       |       ||     8
       Plate armour      |       |     8 |       ||     8
Dodge: Dodged            |    13 |       |       ||    13
